 Dungeon Crawl Stone Soup version 0.17.1-1-g73c8601 (webtiles) character file.

143 Opium the Ruffian (level 5, 0/40 HPs)
             Began as a Draconian Transmuter on Dec 28, 2015.
             Slain by a river rat (2 damage)
             ... on level 3 of the Dungeon.
             The game lasted 00:18:44 (3427 turns).

Opium the Ruffian (Draconian Transmuter)            Turns: 3427, Time: 00:18:44

Health: 0/40       AC: 10    Str: 14    XL:     5   Next: 4%
Magic:  6/8        EV: 13    Int: 13    God:
Gold:   166        SH:  0    Dex: 11    Spells: 2 memorised, 6 levels left

rFire  . . .     SeeInvis +       - Unarmed
rCold  . . .     Clarity  .     (armour unavailable)
rNeg   . . .     SustAt   .     (no shield)
rPois  .         Gourm    .     (helmet restricted)
rElec  .         Spirit   .     g - +2 cloak
rCorr  .         Warding  .     o - +1 pair of gloves
rMut   +         Stasis   .     (no boots)
MR     .....                    e - amulet of resist mutation
Stlth  +.........               (no ring)
                                h - ring of see invisible

@: not resistant to hostile enchantments, very unstealthy
A: unfitting armour, cold-blooded, AC +5
a: no special abilities


You were on level 3 of the Dungeon.
You were not hungry.

You visited 1 branch of the dungeon, and saw 3 of its levels.

You collected 166 gold pieces.

Inventory:

Missiles
 a - 73 arrows (quivered)
 l - 16 arrows of flame
Armour
 g - a +2 cloak (worn)
 o - a +1 pair of gloves (worn)
Jewellery
 e - an amulet of resist mutation (around neck)
 h - a ring of see invisible (left hand)
Scrolls
 d - a scroll of magic mapping {unknown}
 f - a scroll of enchant weapon
 m - a scroll of noise
 p - a scroll of remove curse {unknown}
 r - 2 scrolls of immolation
 s - a scroll of teleportation {unknown}
Potions
 i - 2 potions of mutation {unknown}
 j - a potion of poison {unknown}
 k - 4 potions of curing
 n - a potion of haste {unknown}
 t - a potion of agility {unknown}
Books
 b - a book of Changes

   Spells                             Type                      Level
   a - Beastly Appendage              Transmutation                1
   b - Sticks to Snakes               Transmutation                2
   c - Spider Form                    Transmutation/Poison         3
   d - Ice Form                       Ice/Transmutation            4
   e - Blade Hands                    Transmutation                5
Comestibles
 c - 4 bread rations
 q - a slice of pizza


   Skills:
 * Level 1.5 Fighting
 * Level 3.1 Dodging
 + Level 0.6 Stealth
 * Level 3.6 Unarmed Combat
 * Level 2.5 Spellcasting
 * Level 3.0 Transmutations


You had 6 spell levels left.
You knew the following spells:

 Your Spells              Type           Power        Failure   Level  Hunger
a - Beastly Appendage     Trmt           #.....       10%         1    #......
b - Sticks to Snakes      Trmt           #.........   12%         2    ###....


Dungeon Overview and Level Annotations

Branches:
Dungeon (3/15)

Altars:
Dithmenos
Elyvilon
Zin
The Shining One


Innate Abilities, Weirdness & Mutations

Your plain brown scales are hard (AC +5).
Your body does not fit into most forms of armour.
You are cold-blooded and may be slowed by cold attacks.


Message History

The river rat bites you!
Your unstable footing causes you to fumble your attack.
The river rat misses you.
You hit the river rat but do no damage.
The river rat is heavily wounded.
The river rat bites you.
You hit the river rat but do no damage.
The river rat is heavily wounded.
The river rat bites you!
* * * LOW HITPOINT WARNING * * *
Your unstable footing causes you to fumble your attack.
The river rat bites you.
* * * LOW HITPOINT WARNING * * *
You enter the shallow water.
Moving in this stuff is going to be slow.
The river rat bites you but does no damage.
You enter the shallow water.
Moving in this stuff is going to be slow.
The river rat bites you.
You die...

#................#########
##......########†##......#
#######.##### #..........
##.....#.....## ##<........
##.............## ##........
#...............########....).#
#..............................
#...........##########.########
#...>......##r@≈.≈.≈≈#.#
#..........#r########..#
#........).#.# ####
##...[.....#≈# ##.....#..#.#
##########≈# #≈# #≈#######≈
##≈..≈≈≈≈#


You could see 2 river rats.

Vanquished Creatures
  A worker ant (D:3)
  2 gnolls (D:3)
  2 adders
  A river rat (D:3)
  An ooze (D:2)
  A worm (D:2)
  3 giant geckos
  6 giant cockroaches
  6 hobgoblins
  3 jackals (D:1)
  6 kobolds
  12 bats
  6 giant newts
  3 goblins
  7 rats
60 creatures vanquished.

Vanquished Creatures (collateral kills)
  A gnoll (D:3)
  An orc (D:3)
  A ball python (D:3)
  A kobold (D:3)
  A giant newt (D:3)
5 creatures vanquished.

Grand Total: 65 creatures vanquished

Notes
Turn   | Place    | Note
--------------------------------------------------------------
     0 | D:1      | Opium the Draconian Transmuter began the quest for the Orb.
     0 | D:1      | Reached XP level 1. HP: 16/16 MP: 3/3
   237 | D:1      | Reached XP level 2. HP: 12/23 MP: 3/5
   852 | D:1      | Learned a level 2 spell: Sticks to Snakes
  1449 | D:2      | Reached XP level 3. HP: 28/28 MP: 4/6
  2582 | D:3      | Reached XP level 4. HP: 35/35 MP: 7/7
  2596 | D:3      | Found a shadowy altar of Dithmenos.
  3199 | D:3      | Found a white marble altar of Elyvilon.
  3199 | D:3      | Found a glowing golden altar of the Shining One.
  3200 | D:3      | Found a glowing silver altar of Zin.
  3378 | D:3      | Reached XP level 5. HP: 33/40 MP: 6/8
  3423 | D:3      | HP: 1/40 [river rat (5)]
  3427 | D:3      | Slain by a river rat

Action                   |  1- 3 |  4- 6 || total
-------------------------+-------+-------++-------
Melee: Unarmed           |   183 |    81 ||   264
 Cast: Beastly Appendage |    36 |     8 ||    44
       Sticks to Snakes  |     5 |     4 ||     9
  Use: Scroll            |    10 |     2 ||    12
 Stab: Sleeping          |     1 |       ||     1
  Eat: Chunk             |     2 |       ||     2
       Bread ration      |     1 |       ||     1
       Meat ration       |       |     1 ||     1
